 Dungeon Crawl Stone Soup version 0.15-a0-1579-gd26fec2 (console) character file.

329 Money the Cleaver (level 6, -4/51 HPs)
             Began as a Minotaur Fighter on June 19, 2014.
             Was an Initiate of Cheibriados.
             Slain by an ogre
             ... wielding a +0 giant spiked club
              (14 damage)
             ... on Level 5 of the Dungeon.
             The game lasted 00:05:26 (992 turns).

Money the Cleaver (Minotaur Fighter)                 Turns: 992, Time: 00:05:27

HP  -4/51        AC 10     Str 23      XL: 6   Next: 25%
MP   3/3         EV  5     Int  6      God: Cheibriados [......]
Gold 83          SH  9     Dex 11      Spells:  1 memorised,  2 levels left

rFire  . . .     SeeInvis .     a - +0 war axe
rCold  . . .     Clarity  .     s - +0 chain mail
rNeg   . . .     rCorr    .     c - +0 shield
rPois  .         rRot     .     (helmet restricted)
rElec  .         Spirit   .     (no cloak)
SustAb .         Warding  .     h - +0 pair of gloves
rMut   .         Stasis   .     (no boots)
Gourm  .                        (no amulet)
MR     .....                    (no ring)
                                i - ring of wizardry

@: very slow, not resistant to hostile enchantments, extremely unstealthy
A: retaliatory headbutt, horns 2
a: Bend Time, Renounce Religion


You were on level 5 of the Dungeon.
You worshipped Cheibriados.
Cheibriados was noncommittal.
You were not hungry.

You visited 2 branches of the dungeon, and saw 6 of its levels.

You collected 161 gold pieces.
You spent 78 gold pieces at shops.

Inventory:

Hand weapons
 a - a +0 war axe (weapon)
 o - a +0 battleaxe
Armour
 b - a +0 scale mail
 c - a +0 shield (worn)
 h - a +0 pair of gloves (worn)
 m - a +0 leather armour
 s - a +0 chain mail (worn)
Magical devices
 p - a wand of enslavement (3)
Comestibles
 d - a bread ration
Scrolls
 f - a scroll of enchant armour {unknown}
 g - 2 scrolls of remove curse {unknown}
 j - a scroll of immolation {unknown}
 l - a scroll of blinking {unknown}
 r - a scroll of teleportation {unknown}
Jewellery
 i - a ring of wizardry (left hand)
Potions
 e - a potion of might
 k - a potion of flight {unknown}
 q - a potion of invisibility
Books
 n - a book of Necromancy

   Spells                             Type                      Level
   Pain                               Necromancy                   1
   Animate Skeleton                   Necromancy                   1
   Vampiric Draining                  Necromancy                   3
   *Regeneration                      Charms/Necromancy            3
   Animate Dead                       Necromancy                   4
   Control Undead                     Necromancy                   4


   Skills:
 - Level 3.6 Fighting
 + Level 8.0 Axes
 - Level 3.6 Armour
 - Level 3.6 Shields


You had 2 spell levels left.
You knew the following spells:

 Your Spells              Type           Power        Failure   Level  Hunger
a - Regeneration          Chrm/Necr      #.........   100%        3    ####...


Dungeon Overview and Level Annotations

Branches:
Dungeon (5/15)             Temple (1/1) D:5

Altars:
Cheibriados
Elyvilon
Qazlal
Trog
Xom

Shops:
D:4 (

Annotations:
D:5 Pikel


Innate Abilities, Weirdness & Mutations

You reflexively headbutt those who attack you in melee.
You have a pair of horns on your head.


Message History

You continue butchering the corpse. x2
You finish butchering the rat corpse.
You see here a chunk of rat flesh.
Eat a chunk of rat flesh? (ye/n/q/i?) This raw flesh tastes terrible.
You continue eating. x2
An ogre comes into view. It is wielding a giant spiked club.
The ogre shouts!
You see here 13 gold pieces.
You hit the ogre.
The ogre is lightly wounded.
The ogre hits you with a giant spiked club!
You barely miss the ogre.
The ogre is lightly wounded.
The ogre hits you with a giant spiked club!
* * * LOW HITPOINT WARNING * * *
You slash the ogre!
The ogre is heavily wounded.
The ogre hits you with a giant spiked club!
You die...

##############
###............####
##...## ##@........
#.....####..O##.####
#####.............!....
#................##.##
#.#.##...##...>......#
#.#.###.###.#.#.###..#
#.#.# #.# #.#.#.# .
#.#.###.###.#.#.#
#...........#.#.#


You could see an ogre.

Vanquished Creatures
  Edmund (D:5)
  A phantom (D:4)
  A hound (D:5)
  An orc wizard (D:4)
  2 worker ants
  3 orcs (D:4)
  A ball python (D:1)
  3 bats
  3 goblins
  A hobgoblin (D:4)
  2 jackals (D:5)
  A giant newt (D:3)
  4 rats
24 creatures vanquished.

Notes
Turn   | Place    | Note
--------------------------------------------------------------
     0 | D:1      | Money, the Minotaur Fighter, began the quest for the Orb.
     0 | D:1      | Reached XP level 1. HP: 19/19 MP: 1/1
    83 | D:2      | Found a shimmering altar of Xom.
   250 | D:4      | Reached XP level 2. HP: 26/26 MP: 1/1
   276 | D:4      | Noticed a worker ant
   288 | D:4      | Killed a worker ant
   288 | D:4      | Reached skill level 4 in Axes
   288 | D:4      | Reached XP level 3. HP: 31/31 MP: 2/2
   296 | D:4      | Noticed a phantom
   335 | D:4      | Killed a phantom
   335 | D:4      | Reached skill level 6 in Axes
   335 | D:4      | Reached XP level 4. HP: 7/39 MP: 2/2
   432 | D:4      | Found Schoff's Weapon Shop.
   474 | D:4      | Noticed an orc wizard
   479 | D:5      | Entered Level 5 of the Dungeon
   530 | D:5      | Reached XP level 5. HP: 30/45 MP: 2/2
   557 | D:5      | Found a staircase to the Ecumenical Temple.
   564 | D:5      | Noticed a slave
   564 | D:5      | Noticed a slave
   564 | D:5      | Noticed Edmund
   565 | D:5      | Noticed Pikel
   566 | D:5      | Noticed a slave
   649 | D:4      | Killed an orc wizard
   710 | D:4      | Learned a level 3 spell: Regeneration
   753 | D:4      | Bought a +0 battleaxe for 78 gold pieces
   848 | Temple   | Entered the Ecumenical Temple
   858 | Temple   | Became a worshipper of Cheibriados the Contemplative
   870 | Temple   | Reached skill level 7 in Axes
   920 | D:5      | Killed Edmund
   920 | D:5      | Reached skill level 8 in Axes
   920 | D:5      | Reached XP level 6. HP: 26/51 MP: 3/3
   987 | D:5      | Noticed an ogre
   992 | D:5      | Slain by an ogre

Action                   |  1- 3 |  4- 6 || total
-------------------------+-------+-------++-------
Melee: War axe           |    58 |    49 ||   107
Evoke: Wand              |       |     1 ||     1
  Use: Potion            |     1 |       ||     1
